 Dungeon Crawl Stone Soup version 0.29.1-2-gbd0b4ee654 (webtiles) character file.

Game seed: 3770923613008987555

235 Ivernyr the Insei (level 6, -5/39 HPs)
             Began as an Octopode Transmuter on Oct 29, 2022.
             Killed from afar by a white imp (9 damage)
             ... with a puff of frost
             ... on level 5 of the Dungeon.
             The game lasted 00:10:31 (4410 turns).

Ivernyr the Insei (Octopode Transmuter)             Turns: 4410, Time: 00:10:32

Health: -5/39      AC:  1    Str:  9    XL:     6   Next: 6%
Magic:  10/10      EV: 13    Int: 18    God:
Gold:   265        SH:  0    Dex: 12    Spells: 5/11 levels left

rFire   . . .      SeeInvis .     - Unarmed
rCold   . . .      Faith    .   (no shield)
rNeg    + . .      Spirit   .   (helmet restricted)
rPois   .          Reflect  .   (no amulet)
rElec   .          Harm     .   n - ring of positive energy
rCorr   .          Rampage  .   (no ring)
Will    .....                   (no ring)
Stlth   ++........              (no ring)
HPRegen 0.13/turn               (no ring)
MPRegen 0.12/turn               (no ring)
                                (no ring)
                                (no ring)

@: no status effects
A: almost no armour, amphibious, 8 rings, camouflage 1, gelatinous body 1,
(nimble swimmer 1), tentacles
a: no special abilities


You were on level 5 of the Dungeon.
You visited 1 branch of the dungeon, and saw 5 of its levels.

You collected 265 gold pieces.

Inventory:

Missiles
 e - 3 throwing nets (quivered)
Jewellery
 n - a ring of positive energy (left tentacle)
Wands
 k - a wand of quicksilver (5)
 t - a wand of paralysis (9)
Scrolls
 c - a scroll of acquirement {unknown}
 f - a scroll of poison {unknown}
 g - a scroll of noise {unknown}
 h - 2 scrolls of blinking {unknown}
 i - a scroll of enchant weapon {unknown}
 l - 3 scrolls of teleportation {unknown}
 m - a scroll of immolation {unknown}
 o - a scroll of enchant armour {unknown}
 q - a scroll of silence {unknown}
 r - 3 scrolls of identify {unknown}
 u - a scroll of summoning {unknown}
 w - a scroll of magic mapping {unknown}
 x - a scroll of vulnerability {unknown}
 y - 2 scrolls of fear {unknown}
Potions
 a - 3 potions of lignification
 b - 2 potions of curing {unknown}
 d - 2 potions of attraction {unknown}
 j - a potion of invisibility {unknown}
 p - a potion of resistance {unknown}
 s - 2 potions of flight {unknown}
 v - a potion of berserk rage {unknown}


   Skills:
 - Level 2.0 Fighting
 + Level 3.2 Dodging
 + Level 3.9 Unarmed Combat
 + Level 3.0 Spellcasting
 * Level 3.6 Transmutations


You had 5 spell levels left.
You knew the following spells:

 Your Spells              Type           Power      Damage    Failure   Level
a - Beastly Appendage     Tmut           30%        N/A       3%          1
b - Wereblood             Tmut           15%        N/A       5%          2
c - Spider Form           Tmut/Pois      9%         N/A       22%         3

Your spell library contained the following spells:

 Spells                   Type           Power      Damage    Failure   Level
 Apportation              Tloc           4%         N/A       16%         1
 Foxfire                  Conj/Fire      8%         2x1d4     16%         1
 Magic Dart               Conj           8%         1d3       16%         1
 Necrotise                Necr           8%         1d4       16%         1
 Summon Small Mammal      Summ           8%         N/A       16%         1
 Static Discharge         Conj/Air       2%         3-4/arc   24%         2
 Ice Form                 Ice/Tmut       9%         N/A       58%         4
 Dispel Undead            Necr           2%         3d7       85%         4
 Sticky Flame             Conj/Fire      2%         2d3       85%         4
 Borgnjor's Revivificati  Necr           1%         N/A       100%        8
 Infestation              Necr           1%         N/A       100%        8


Dungeon Overview and Level Annotations

Branches:
Dungeon (5/15)
 Temple: D:4-7

Altars:
Dithmenos
Fedhas
Kikubaaqudgha
Makhleb
Okawaru
Sif Muna
Trog
Vehumet
Zin

Shops:
D:3 *

Annotations:
D:5 Sigmund


Innate Abilities, Weirdness & Mutations

You cannot wear most types of armour.
You are amphibious.
You can wear up to eight rings at the same time.
Your skin changes colour to match your surroundings (Stealth+).
Your rubbery body absorbs attacks. (AC +1, EV +1)
((You are camouflaged when in or above water. (Stealth+)))
You have tentacles for arms and can constrict up to eight enemies at once.


Message History

You tentacle-slap the hound.
The hound is moderately wounded.
You constrict the hound. The hound bites you.
You tentacle-slap the hound.
The hound is heavily wounded.
You constrict the hound. The hound bites you. The hound completely misses you.
You tentacle-slap the hound but do no damage.
You pierce the hound.
The hound is severely wounded.
You constrict the hound. The hound closely misses you.
You tentacle-slap the hound. You squeeze the hound.
You kill the hound!
Your Spellcasting skill increases to level 3!
You have reached level 6!
You start resting.
Your transformation is almost over.
A white imp comes into view.
The white imp shouts, "Abandon hope, thou worthless fen-sucked scavenger!"
The white imp gestures at you. The puff of frost hits you!
The white imp gestures at you. The puff of frost hits you!
Your tentacle spike disappears.
The white imp hits you. The white imp freezes you.
* * * LOW HITPOINT WARNING * * *
You barely miss the white imp. Your grab misses the white imp.
You squeeze the white imp, but do no damage.
The white imp hits you.
* * * LOW HITPOINT WARNING * * *
The white imp freezes you.
* * * LOW HITPOINT WARNING * * *
You tentacle-slap the white imp but do no damage.
Your grab misses the white imp. The white imp misses you.
You barely miss the white imp. Your grab misses the white imp.
The white imp closely misses you.
You closely miss the white imp. You grab the white imp.
You constrict the white imp. The white imp gestures at you.
The puff of frost hits you!
You die...

......# #. ###.....# .# #.
..#........# #.
#.#...#.##.# #.
#n#...#.##.# #.
#.#...#.##.# ########.
######$#...#.##.# #.....##.
.....(.........>###.##.###.
PP.......5@.....##.........
.♣P♣##.#..#.###.##..###.###
#......##..##.........
###....#......####.###
#.#..#......# #.#
#.##.#......# #.#
..##.#......# #.# ..
.#......####.#
###..#.#..#.#


You could see a white imp.

Vanquished Creatures
  2 hounds
  An iguana (D:3)
  Robin (D:1)
  2 shadow imps (D:5)
  2 ufetubi (D:5)
  2 worms (D:2)
  3 dart slugs
  An orc (D:3)
  4 ball pythons
  7 endoplasms
  2 giant cockroaches (D:1)
  13 goblins
  11 hobgoblins
  7 jackals
  3 quokkas
  6 bats
  4 frilled lizards
  15 kobolds
  8 rats
94 creatures vanquished.

Vanquished Creatures (others)
  4 demonic plants (D:5)
4 creatures vanquished.

Grand Total: 98 creatures vanquished

Notes
Turn   | Place    | Note
-------+----------+-------------------------------------------
     0 | D:1      | Ivernyr the Octopode Transmuter began the quest for the
                  | Orb.
     0 | D:1      | Reached XP level 1. HP: 13/13 MP: 3/3
   136 | D:1      | Reached XP level 2. HP: 18/18 MP: 5/5
   669 | D:1      | Found a faded altar of an unknown god.
   926 | D:1      | Reached XP level 3. HP: 23/23 MP: 6/6
  1449 | D:2      | Noticed Robin
  1463 | D:1      | Killed Robin
  1667 | D:1      | Learned a level 2 spell: Wereblood
  1788 | D:2      | Reached XP level 4. HP: 29/29 MP: 7/7
  2020 | D:2      | Found an iron altar of Okawaru.
  2468 | D:2      | Learned a level 3 spell: Spider Form
  2615 | D:3      | Found a bloodstained altar of Trog.
  2919 | D:3      | Found an iron altar of Okawaru.
  2923 | D:3      | Found a burning altar of Makhleb.
  2923 | D:3      | Found a radiant altar of Vehumet.
  3000 | D:3      | Reached XP level 5. HP: 34/34 MP: 6/9
  3116 | D:3      | Found Zin's Purification Station.
  3125 | D:3      | Found a glowing silver altar of Zin.
  3429 | D:4      | Found a shadowy altar of Dithmenos.
  3454 | D:4      | Found a shimmering blue altar of Sif Muna.
  3582 | D:4      | Got the Compilation of Hurting and Dark Rituals
  3948 | D:4      | Found a blossoming altar of Fedhas.
  3949 | D:4      | Found an ancient bone altar of Kikubaaqudgha.
  3994 | D:5      | Entered Level 5 of the Dungeon
  4023 | D:5      | Noticed Sigmund
  4389 | D:5      | Reached XP level 6. HP: 31/39 MP: 8/10
  4410 | D:5      | Killed from afar by a white imp

Illustrated notes

Levels and vault maps discovered:
D:1:      dpeg_arrival_fog, layout_basic, chequers_ecumenical_altar_simple_redux
D:2:      layout_basic, serial_corexii_hall, chequers_hall_statues_wall_a,
          chequers_hall_statues_corner_a, basic_altar, uniq_robin
D:3:      layout_basic, zin_purify, minitemple, trog_hazing_becter
D:4:      layout_rooms, grunt_temple_overflow_growth_and_decay,
          mainiacjoe_overflow_cross_hatched, lemuel_doored_altar
D:5:      layout_basic, mainiacjoe_overflow_surrounded_room, serial_demonic,
          serial_demonic_b, serial_demonic_c, serial_demonic_a,
          serial_demonic_a, serial_demonic_a, serial_shops,
          nicolae_shop_behind_doors, uniq_sigmund, uniq_duvessa

Skill      XL: |  1  2  3  4  5 |
---------------+----------------+-----
Fighting       | 2 |  2.0
Transmutations | 3 |  3.6
Dodging        | 3 |  3.2
Spellcasting   | 3 |  3.0
Unarmed Combat | |  3.9

Action                   |  1- 3 |  4- 6 || total
-------------------------+-------+-------++-------
Melee: Unarmed           |    76 |   138 ||   214
       Constrict         |    18 |    42 ||    60
       Tentacles         |    13 |    32 ||    45
       Kick              |     7 |    21 ||    28
       Punch             |     1 |     3 ||     4
 Cast: Beastly Appendage |     5 |    11 ||    16
       Wereblood         |     1 |     5 ||     6
 Stab: Sleeping          |     5 |     8 ||    13
Armor: Skin              |     5 |    21 ||    26
Dodge: Dodged            |    45 |   102 ||   147
